 Dungeon Crawl Stone Soup version 0.22-a0-362-g535178c (webtiles) character file.

123045 Amnesiac the Reanimator (level 16, -6/125 HPs)
             Began as a Mummy Necromancer on Apr 20, 2018.
             Was an Elder of Sif Muna.
             Mangled by a tentacled starspawn (23 damage)
             ... on level 2 of the Abyss.
             The game lasted 01:09:48 (40910 turns).

Amnesiac the Reanimator (Mummy Necromancer)        Turns: 40910, Time: 01:09:50

Health: -6/125     AC:  7    Str: 12    XL:     16   Next: 36%
Magic:  31/31      EV: 16    Int: 27    God:    Sif Muna [****..]
Gold:   899        SH:  0    Dex: 12    Spells: 13/38 levels left

rFire    + . .     SeeInvis .   a - staff of death
rCold    + + .     Gourm    .   r - +2 shield
rNeg     + + +     Faith    .   E - +2 robe {rF+}
rPois    ∞         Spirit   .   y - +0 helmet
rElec    .         Reflect  .   q - scarf {rC+ rF+}
rCorr    .         Harm     .   s - +0 pair of gloves
MR       ++...                  C - +0 pair of boots
Stlth    +.........             F - amulet of the acrobat
HPRegen  0.30/turn              v - ring of wizardry
MPRegen  0.22/turn              j - +6 ring of intelligence

@: confused, constricted, divine energy
A: no food or potions, fire vulnerability, cold resistance 1, negative energy
resistance 3, torment resistance, unbreathing, in touch with death 1
a: Stop Divine Energy, Channel Magic, Forget Spell, Renounce Religion


You were on level 2 of the Abyss.
You worshipped Sif Muna.
Sif Muna was greatly pleased with you.
You were not hungry.

You visited 4 branches of the dungeon, and saw 20 of its levels.
You visited the Abyss 2 times.
You also visited: Ossuary.

You collected 2435 gold pieces.
You spent 1536 gold pieces at shops.

Inventory:

Hand Weapons
 b - a +1 vampiric demon blade
Missiles
 z - 448 arrows
Armour
 g - a +4 ring mail of fire resistance
 q - a scarf of resistance (worn)
 r - a +2 shield (worn)
 s - a +0 pair of gloves (worn)
 y - a +0 helmet (worn)
 C - a +0 pair of boots (worn)
 E - a +2 robe of fire resistance (worn)
Magical Staves
 a - an uncursed staff of death (weapon)
 u - an uncursed staff of fire
Jewellery
 j - a +6 ring of intelligence (right hand)
 p - an uncursed ring of protection from fire
 v - a ring of wizardry (left hand)
 x - a +3 ring of protection
 B - an uncursed ring of resist corrosion
 F - an amulet of the acrobat (around neck)
 I - an uncursed ring of teleportation
Wands
 e - a wand of disintegration (18)
 m - a wand of polymorph (39)
 A - a wand of iceblast (18)
 D - a wand of enslavement (2)
 L - a wand of random effects (43)
Scrolls
 c - a scroll of torment {!r}
 d - 2 scrolls of fog {!r}
 f - 2 scrolls of teleportation {!r}
 h - 3 scrolls of enchant weapon {!r}
 i - a scroll of brand weapon {!r}
 k - 3 scrolls of immolation {!r}
 l - 2 scrolls of silence {!r}
 n - 4 scrolls of amnesia {!r}
 o - 11 scrolls of remove curse {!r}
 t - 2 scrolls of identify {!r}
 w - 6 scrolls of magic mapping {!r}
 G - 4 scrolls of enchant armour {!r}
 J - 2 scrolls of fear {!r}
 K - 2 scrolls of blinking {!r}
Miscellaneous
 H - a sack of spiders


   Skills:
 + Level 11.0 Fighting
 * Level 12.9 Dodging
 - Level 1.5 Stealth
 * Level 12.9 Shields
 - Level 11.5 Spellcasting
 - Level 13.0 Necromancy
 - Level 8.0 Invocations


You had 13 spell levels left.
You knew the following spells:

 Your Spells              Type           Power        Failure   Level  Hunger
a - Bolt of Draining      Conj/Necr      #######...   3%          5    N/A
b - Sticks to Snakes      Tmut           ###.....     2%          2    N/A
c - Pain                  Necr           ####         0%          1    N/A
d - Borgnjor's Vile Clut  Necr/Erth      #######...   3%          5    N/A
e - Dispel Undead         Necr           ########     1%          5    N/A
f - Vampiric Draining     Necr           ########..   1%          3    N/A
g - Summon Lightning Spi  Summ/Air       ###.....     19%         4    N/A

Dungeon Overview and Level Annotations

Branches:
Dungeon (15/15)            Temple (1/1) D:4            Lair (0/6) D:8
    Orc (2/2) D:10            Elf (0/3) Orc:2        Vaults (0/5) D:14
 Depths (2/5) D:15

Altars:
Ashenzari
Cheibriados
Dithmenos
Elyvilon
Fedhas
Gozag
Hepliaklqana
Kikubaaqudgha
Makhleb
Nemelex Xobeh
Okawaru
Qazlal
Ru
Sif Muna
Trog
Uskayaw
Vehumet
Wu Jian
Xom
Yredelemnul
Zin
The Shining One
Beogh

Shops:
D:11 }   Orc:2 (!*[:??   Depths:1 =}}

Portals:
Hell: Depths:1
Abyss: Depths:2
Pandemonium: Orc:2
Trove: D:15 (give +3 storm dragon scales)


Innate Abilities, Weirdness & Mutations

You do not eat or drink.
Your flesh is vulnerable to fire.
You are immune to poison.
Your flesh is cold resistant. (rC+)
You are immune to negative energy. (rN+++)
You are immune to unholy pain and torment.
You can survive without breathing.
You are in touch with the powers of death.


Message History

The golden eye blinks at you. You resist with almost no effort.
You bump into the rock wall.
The golden eye blinks at you. You resist with almost no effort.
The golden eye blinks at you.
You easily resist.
The golden eye blinks at you.
You are more confused.
The golden eye turns its gaze towards you.
The golden eye blinks at you. You resist with almost no effort.
The tentacled starspawn completely misses you. x2
The golden eye blinks at you.
You easily resist.
The tentacled starspawn completely misses you.
The tentacled starspawn barely misses you.
The golden eye blinks!
The golden eye blinks at you. You resist with almost no effort.
The golden eye blinks at you. You resist with almost no effort.
The golden eye blinks at you.
You are more confused.
The golden eye blinks at you.
You are more confused.
Tentacles burst from the starspawn's body!
The golden eye blinks at you. 2 starspawn tentacles come into view.
The golden eye blinks at you.
You are more confused.
The starspawn tentacle grabs you. The starspawn tentacle constricts you.
The golden eye blinks at you. You resist with almost no effort.
The starspawn tentacle's grasp on you weakens, but your attempt to escape fails.
The tentacled starspawn bites you!! The tentacled starspawn engulfs you!
The golden eye blinks!
The starspawn tentacle constricts you.
You're too confused to move!
The golden eye blinks at you. You resist with some effort.
The tentacled starspawn barely misses you. x2
The golden eye blinks at you.
You easily resist.
The starspawn tentacle constricts you.
The starspawn tentacle's grasp on you weakens, but your attempt to escape fails.
The golden eye blinks!
The tentacled starspawn bites you!!
The tentacled starspawn engulfs you but does no damage.
* * * LOW HITPOINT WARNING * * *
The starspawn tentacle constricts you.
You hit the starspawn tentacle but do no damage.
The tentacled starspawn bites you!!
* * * LOW HITPOINT WARNING * * *
The tentacled starspawn engulfs you but does no damage.
* * * LOW HITPOINT WARNING * * *
The starspawn tentacle constricts you.
You bump into the crystal wall.
The golden eye blinks!
The tentacled starspawn barely misses you.
The tentacled starspawn engulfs you!!
* * * LOW HITPOINT WARNING * * *
The starspawn tentacle constricts you.
You hit the starspawn tentacle.
The starspawn tentacle is lightly damaged.
The golden eye blinks at you. You resist with almost no effort.
The tentacled starspawn bites you!!
You die...

. . .. ## .#
.##.# # .
#.######### ..#
....§X...GG......
..#.#####X### ..
#.##..wXw.#
###.##..§@###
#.###...# ...
###.# ... .## ...
# . .


You could see a tentacled starspawn, a thrashing horror, 2 starspawn tentacles
and 2 golden eyes.

Vanquished Creatures
  Sojobo (D:15)
  2 tentacled starspawn (Abyss:2)
  A sphinx (D:13)
  Kirke (D:14)
  3 tengu reavers
  An orc warlord (Orc:1)
  A frost giant (Depths:2)
  2 stone giants
  A starcursed mass (Abyss:2)
  Snorg (D:10)
  A fire dragon (D:14)
  2 ettins (Depths:1)
  2 yaktaur captains
  An ice dragon (Depths:1)
  3 hydras (D:15)
  The ghost of inmateoo the Fighter, a journeyman OpEE of Vehumet (D:11)
  5 vault guards
  22 two-headed ogres
  7 centaur warriors
  A death knight (D:14)
  A tengu warrior (D:14)
  2 deep troll earth magi (Depths:1)
  A deep troll shaman (Depths:1)
  5 ogre magi
  5 orc high priests (Orc:2)
  The ghost of KlownO the Spear-Bearer, a novice MfGl of Okawaru (D:9)
  Urug (D:10)
  Nergalle (D:10)
  A spriggan berserker (Depths:2)
  A sixfirhy (Orc:2)
  A gelid demonspawn (Orc:2)
  7 unseen horrors
  2 deep trolls (Depths:1)
  A shadow demon (Abyss:2)
  2 wizards (D:14)
  6 orc knights
  3 phantasmal warriors
  5 deep elf magi
  8 orc sorcerers
  A harpy (shapeshifter) (D:14)
  An oklob plant (D:15)
  A wolf spider zombie (D:15)
  8 large abominations (Abyss:2)
  A shining eye (Orc:2)
  11 ugly things
  5 cyclopes
  A manticore (D:15)
  Joseph (D:10)
  A rust devil (D:15)
  Psyche (D:11)
  A spiny frog (shapeshifter) (D:15)
  An orange demon (Orc:2)
  2 komodo dragons
  A yaktaur (D:14)
  5 gargoyles
  A yaktaur (shapeshifter) (Depths:1)
  A kobold demonologist (D:15)
  A rime drake (shapeshifter) (D:13)
  An efreet (D:12)
  2 ice devils
  A hellwing (Orc:2)
  16 trolls
  A queen bee (D:12)
  3 red devils
  A meliai (shapeshifter) (D:13)
  Grinder (D:5)
  Prince Ribbit (D:6)
  2 raiju (Abyss:2)
  2 hornets
  A meliai zombie (D:14)
  15 slime creatures
  3 hippogriffs
  A ynoxinul (Abyss:2)
  3 flying skulls (Depths:1)
  4 wraiths
  A water elemental (Depths:2)
  A vampire (D:14)
  A wyvern (D:13)
  10 yaks
  Sigmund (D:6)
  3 hogs
  A human (shapeshifter) (Depths:2)
  2 humans
  A basilisk (D:15)
  3 golden eyes (Abyss:2)
  3 hungry ghosts
  Grum (D:9)
  2 chaos spawn (Abyss:2)
  9 vampire mosquitoes
  A minotaur simulacrum (Abyss:2)
  A two-headed ogre zombie (D:10)
  An acid dragon (D:13)
  2 ice beasts
  A black bear (D:9)
  38 orc warriors
  3 sky beasts
  2 hornet zombies
  A phantom (D:5)
  A necrophage (D:9)
  2 wolves (D:9)
  28 ogres
  13 centaurs
  2 crocodiles
  A hippogriff zombie (Ossuary)
  2 big kobolds
  A hippogriff skeleton (D:10)
  8 bullfrogs
  A cyclops zombie (D:9)
  A wyvern zombie (D:9)
  A wyvern skeleton (D:15)
  A cyclops skeleton (D:10)
  A scorpion (D:13)
  2 small abominations (Abyss:2)
  2 troll zombies
  2 yak zombies
  28 killer bees
  7 wights (D:8)
  3 jellies
  4 electric eels (D:10)
  A howler monkey (D:7)
  4 bullfrog zombies
  4 crimson imps
  3 quasits
  6 centaur zombies
  25 orc priests
  A centaur skeleton (D:10)
  A gnoll shaman (D:4)
  4 hounds
  18 orc wizards
  5 bullfrog skeletons
  An iron imp (Abyss:2)
  5 iguanas
  10 worker ants
  Terence (D:3)
  2 killer bee zombies
  A sky beast zombie (D:9)
  A big kobold zombie (Ossuary)
  A crocodile zombie (D:8)
  An acid dragon skeleton (D:8)
  A big kobold skeleton (D:8)
  A hound zombie (D:6)
  8 mummies (Ossuary)
  3 worker ant zombies
  14 gnolls
  2 scorpion zombies
  16 adders
  6 shadow imps
  A white imp (Abyss:2)
  3 adder zombies
  An adder skeleton (D:6)
  4 worms
  4 dart slugs
  7 leopard geckos
  86 orcs
  A bat zombie (D:10)
  5 giant cockroaches
  5 goblins
  5 hobgoblins
  11 jackals
  6 quokkas
  A ball python skeleton (D:8)
  3 bats
  A frilled lizard skeleton (D:10)
  2 giant cockroach zombies (D:9)
  A gnoll zombie (Ossuary)
  A goblin skeleton (D:5)
  2 goblin zombies
  4 hobgoblin zombies
  A jackal skeleton (D:5)
  13 kobolds
  A leopard gecko skeleton (D:5)
  A leopard gecko zombie (D:9)
  An orc skeleton (D:8)
  6 orc zombies
  A quokka skeleton (D:10)
  A quokka zombie (D:9)
  7 rats
  2 rat skeletons (D:8)
  A rat zombie (D:9)
  A lurking horror (Abyss:2)
752 creatures vanquished.

Vanquished Creatures (collateral kills)
  An efreet (D:14)
  A meliai zombie (D:14)
  A flying skull (Depths:1)
  A killer bee (D:12)
4 creatures vanquished.

Vanquished Creatures (others)
  A warg (D:10)
  2 orc wizards
  3 plants
  6 starspawn tentacles (Abyss:2)
12 creatures vanquished.

Grand Total: 768 creatures vanquished

Notes
Turn   | Place    | Note
-------+----------+-------------------------------------------
     0 | D:1      | Amnesiac the Mummy Necromancer began the quest for the Orb.
     0 | D:1      | Reached XP level 1. HP: 13/13 MP: 4/4
   182 | D:2      | Reached XP level 2. HP: 16/19 MP: 1/6
   394 | D:4      | Noticed a bullfrog
   575 | D:3      | Reached XP level 3. HP: 20/24 MP: 8/8
   580 | D:3      | Learned a level 3 spell: Vampiric Draining
   639 | D:4      | Killed a bullfrog
   639 | D:4      | Reached skill level 5 in Necromancy
   639 | D:4      | Reached XP level 4. HP: 27/30 MP: 6/10
   725 | D:4      | HP: 1/30 [gnoll/halberd (8)]
  1069 | D:4      | Reached skill level 5 in Spellcasting
  1069 | D:4      | Reached XP level 5. HP: 20/35 MP: 10/12
  1463 | D:4      | Found a staircase to the Ecumenical Temple.
  1487 | Temple   | Entered the Ecumenical Temple
  1582 | Temple   | Became a worshipper of Kikubaaqudgha
  1723 | D:3      | Reached XP level 6. HP: 41/41 MP: 14/14
  2006 | D:1      | Reached skill level 6 in Necromancy
  2724 | D:2      | Reached * piety under Kikubaaqudgha
  2724 | D:2      | Identified Kikubaaqudgha's Disquisition on Darkness (Kikubaaqudgha gifted it to you on level 2 of the Dungeon)
  2724 | D:2      | Received a gift from Kikubaaqudgha
  3237 | D:3      | Reached skill level 1 in Fighting
  3348 | D:3      | Noticed Terence
  3363 | D:3      | Killed Terence
  3750 | D:5      | Entered Level 5 of the Dungeon
  3750 | D:5      | Noticed Grinder
  3778 | D:5      | Killed Grinder
  3778 | D:5      | Reached XP level 7. HP: 19/50 MP: 16/16
  3949 | D:5      | Reached skill level 1 in Shields
  3962 | D:5      | Found a shimmering altar of Xom.
  4989 | D:5      | Found a shimmering altar of Xom.
  4997 | D:5      | Found a shimmering altar of Xom.
  4997 | D:5      | Found a shimmering altar of Xom.
  5000 | D:5      | Found a shimmering altar of Xom.
  5000 | D:5      | Found a shimmering altar of Xom.
  5010 | D:5      | Found a shimmering altar of Xom.
  5374 | D:5      | Found a runed door.
  5374 | D:5      | Noticed a human
  5378 | D:5      | Reached XP level 8. HP: 57/57 MP: 17/17
  5383 | D:5      | Found a basalt altar of Yredelemnul.
  5603 | D:6      | Noticed Prince Ribbit
  5620 | D:6      | Reached ** piety under Kikubaaqudgha
  5627 | D:6      | Killed Prince Ribbit
  5880 | D:6      | Noticed Sigmund
  5893 | D:6      | Killed Sigmund
  6045 | D:6      | Reached skill level 5 in Dodging
  6045 | D:6      | Reached skill level 5 in Shields
  6298 | D:6      | Reached XP level 9. HP: 64/65 MP: 18/18
  6987 | D:7      | Reached *** piety under Kikubaaqudgha
  6987 | D:7      | Identified Kikubaaqudgha's Compendium of Black Secrets (Kikubaaqudgha gifted it to you on level 7 of the Dungeon)
  6987 | D:7      | Received a gift from Kikubaaqudgha
  6996 | D:7      | Learned a level 5 spell: Dispel Undead
  7002 | D:7      | Learned a level 5 spell: Bolt of Draining
  7005 | D:7      | Learned a level 2 spell: Sticks to Snakes
  7005 | D:7      | Fell from the grace of Kikubaaqudgha
  7417 | Temple   | Became a worshipper of Sif Muna the Loreminder
  7901 | D:7      | Noticed a reaper
  8124 | D:8      | Noticed a gargoyle
  8161 | D:8      | Killed a gargoyle
  8239 | D:8      | Reached skill level 5 in Fighting
  8287 | D:8      | Found a sand-covered staircase.
  8552 | Ossuary  | Entered an ossuary
 10226 | D:8      | Reached skill level 7 in Necromancy
 10278 | D:8      | Identified a scroll of acquirement {!r}
 10401 | D:8      | Found a staircase to the Lair.
 10401 | D:8      | Noticed a komodo dragon
 10482 | D:8      | Reached * piety under Sif Muna
 10838 | D:8      | Killed a komodo dragon
 10838 | D:8      | Reached XP level 10. HP: 5/74 MP: 5/21
 11396 | D:9      | Noticed KlownO's ghost (novice MfGl)
 11408 | D:9      | Reached skill level 8 in Necromancy
 11430 | D:9      | Killed KlownO's ghost
 12552 | D:9      | Noticed Grum
 12593 | D:9      | Killed Grum
 12596 | D:9      | Reached skill level 9 in Necromancy
 13350 | D:9      | Reached ** piety under Sif Muna
 15047 | D:10     | Entered Level 10 of the Dungeon
 15255 | D:10     | Reached skill level 10 in Necromancy
 15635 | D:9      | Reached *** piety under Sif Muna
 16826 | D:10     | Reached XP level 11. HP: 48/79 MP: 24/24
 16850 | D:10     | Noticed Joseph
 16902 | D:9      | Reached skill level 11 in Necromancy
 17029 | D:10     | Killed Joseph
 17029 | D:10     | Reached skill level 10 in Spellcasting
 17568 | D:10     | Reached **** piety under Sif Muna
 17606 | D:10     | Found a staircase to the Orcish Mines.
 17746 | D:10     | Killed an unseen horror
 18157 | D:10     | Was forgiven by Kikubaaqudgha
 18371 | D:11     | Found Ocisi's Gadget Shop.
 18419 | D:11     | Noticed inmateoo's ghost (journeyman OpEE)
 18423 | D:11     | Killed inmateoo's ghost
 18423 | D:11     | Reached skill level 12 in Necromancy
 18555 | D:11     | Noticed Urug
 18649 | D:10     | Killed Urug
 18649 | D:10     | Reached ***** piety under Sif Muna
 18849 | D:11     | Noticed Psyche
 18855 | D:11     | Killed Psyche
 19012 | D:11     | Found a sparkling altar of Nemelex Xobeh.
 19328 | D:12     | Received a gift from Sif Muna
 19485 | D:12     | Reached skill level 1 in Invocations
 19796 | D:12     | Reached XP level 12. HP: 86/86 MP: 11/27
 20533 | D:12     | Found a blossoming altar of Fedhas.
 20691 | D:13     | Noticed a two-headed ogre
 20698 | D:13     | Killed a two-headed ogre
 21284 | D:13     | Reached skill level 13 in Necromancy
 21386 | D:13     | Reached skill level 5 in Invocations
 21614 | D:13     | Noticed a centaur warrior
 21622 | D:13     | Killed a centaur warrior
 21847 | D:13     | Noticed a tengu reaver
 21897 | D:13     | Killed a tengu reaver
 21975 | D:13     | Noticed a sphinx
 21979 | D:13     | Killed a sphinx
 22089 | D:13     | Noticed a centaur warrior
 22098 | D:13     | Killed a centaur warrior
 22538 | D:13     | Noticed a centaur warrior
 22541 | D:13     | Killed a centaur warrior
 23137 | D:14     | Noticed a two-headed ogre
 23143 | D:14     | Killed a two-headed ogre
 23143 | D:14     | Gained mutation: You are in touch with the powers of death. [Mummy growth]
 23143 | D:14     | Reached XP level 13. HP: 69/93 MP: 10/28
 24814 | D:14     | Noticed Kirke
 24839 | D:14     | Noticed a sphinx
 26596 | D:14     | Found a gate to the Vaults.
 26713 | D:15     | Entered Level 15 of the Dungeon
 26969 | D:15     | Found a hazy altar of Hepliaklqana.
 26977 | D:15     | Reached XP level 14. HP: 103/103 MP: 11/29
 28202 | D:14     | Killed Kirke
 29206 | D:15     | Reached skill level 10 in Dodging
 29206 | D:15     | Reached skill level 10 in Shields
 29331 | D:15     | Found a snail-covered altar of Cheibriados.
 29964 | D:15     | Found a portal to a secret trove of treasure.
 30870 | D:15     | Found a staircase to the Depths.
 31029 | D:15     | Reached XP level 15. HP: 113/113 MP: 4/30
 31356 | Depths:1 | Entered Level 1 of the Depths
 31855 | Depths:1 | Noticed a tengu reaver
 31855 | Depths:1 | Noticed a tengu reaver
 32285 | Depths:1 | Found a gateway to Hell.
 32635 | Depths:1 | Noticed Sojobo
 32862 | D:15     | HP: 1/114 [air elemental/tornado[Sojobo] (8)]
 33451 | Orc:1    | Entered Level 1 of the Orcish Mines
 33451 | Orc:1    | Noticed Snorg
 33451 | Orc:1    | Noticed Nergalle
 33471 | D:10     | Killed Snorg
 33602 | D:10     | Killed Nergalle
 33854 | Orc:1    | Received a gift from Sif Muna
 33869 | Orc:1    | Learned a level 5 spell: Borgnjor's Vile Clutch
 34029 | Orc:1    | Noticed an orc warlord
 34108 | Orc:1    | Killed an orc warlord
 34314 | Orc:2    | Entered Level 2 of the Orcish Mines
 34787 | Orc:2    | Found Ureorauk's Distillery.
 34988 | Orc:2    | Found Vumiaq's Antique Weapon Shop.
 35026 | Orc:2    | Found a roughly hewn altar of Beogh.
 35064 | Orc:2    | Found a roughly hewn altar of Beogh.
 35359 | Orc:2    | Found Wotunteqa's Magic Scroll Emporium.
 35679 | Orc:2    | Found Vyodiush's Assorted Antiques.
 35689 | Orc:2    | Bought 3 scrolls labeled FIORPH VEOCS for 72 gold pieces
 35793 | Orc:2    | Found Kafimodi's Magic Scroll Shoppe.
 35942 | Orc:2    | Reached skill level 10 in Fighting
 36165 | Orc:2    | Bought a scroll of torment for 112 gold pieces
 37261 | Orc:2    | Found Fohoix's Book Shop.
 37261 | Orc:2    | Found a one-way gate leading to the halls of Pandemonium.
 37261 | Orc:2    | Found Bifi Ruc's Antique Armour Boutique.
 37333 | Orc:2    | Found a staircase to the Elven Halls.
 37609 | Orc:2    | Bought a curved fluorescent wand for 96 gold pieces
 37635 | Orc:2    | Bought a scroll of teleportation for 42 gold pieces
 37635 | Orc:2    | Bought a scroll of blinking for 105 gold pieces
 37635 | Orc:2    | Bought 3 scrolls of enchant weapon for 315 gold pieces
 37635 | Orc:2    | Bought a scroll of brand weapon for 280 gold pieces
 37635 | Orc:2    | Bought a scroll of silence for 105 gold pieces
 37637 | Orc:2    | Bought a scroll of enchant armour for 112 gold pieces
 37637 | Orc:2    | Bought a scroll of teleportation for 45 gold pieces
 37637 | Orc:2    | Bought a scroll of teleportation for 45 gold pieces
 37666 | Orc:2    | Bought a distressingly furry scale mail for 207 gold pieces
 37676 | Orc:2    | Identified the +3 scale mail of Yredelemnul's Esteem {MR- Regen+ Dex+7} (You bought it in a shop on level 2 of the Orcish Mines)
 37913 | D:15     | Killed Sojobo
 38171 | Depths:1 | Killed a tengu reaver
 38392 | Depths:1 | Reached XP level 16. HP: 123/123 MP: 0/31
 38777 | Depths:1 | Found Ivysk's Jewellery Shoppe.
 38777 | Depths:1 | Found Xoanush's Gadget Shop.
 38778 | Depths:1 | Found Eguniyf's Gadget Shop.
 38887 | Depths:1 | Found a sparkling altar of Nemelex Xobeh.
 38962 | Depths:2 | Found a one-way gate to the infinite horrors of the Abyss.
 39691 | Depths:2 | Cast into level 2 of the Abyss (a wizard)
 39695 | Abyss:2  | Got a crude quarterstaff
 39766 | Abyss:2  | Noticed a tentacled starspawn
 39775 | Abyss:2  | Killed a tentacled starspawn
 39839 | Abyss:2  | Noticed a tentacled starspawn
 39846 | Abyss:2  | Killed a tentacled starspawn
 39994 | Abyss:2  | Noticed a bone dragon
 40084 | Abyss:2  | Learned a level 4 spell: Summon Lightning Spire
 40202 | Depths:2 | Escaped the Abyss
 40530 | Depths:2 | Cast into level 2 of the Abyss (a wizard)
 40533 | Abyss:2  | Found a corrupted altar of Lugonu.
 40897 | Abyss:2  | Noticed a tentacled starspawn
 40910 | Abyss:2  | Mangled by a tentacled starspawn

Vault maps used:
D:1:      dpeg_arrival_ternary
D:3:      first_ration, uniq_terence
D:4:      temple_fountains
D:5:      nicolae_xom_altar_mimics, serial_undead, serial_undead_e,
          serial_undead_c, serial_undead_d, serial_undead_e,
          nrook_pool_corridor, dk_yredelemnul_ordeal, uniq_grinder
D:6:      nrook_mini_vaults, corexii_shack, uniq_prince_ribbit1, uniq_sigmund
D:7:      kennysheep_generic_room_14
D:8:      david_lair_shrubbed, nicolae_ossuary_entry_monument
D:9:      uniq_grum
D:10:     lemuel_troll_bridge, david_orc_3, serial_curves, eino_curves_01,
          eino_curves_02, eino_curves_02, eino_curves_04, uniq_joseph
D:11:     serial_shops, shop, basic_altar, uniq_urug, uniq_psyche
D:12:     david_nohive_1, fedhas_altar_4
D:13:     minmay_two_paths
D:14:     grunt_vaults_entry_fortified, minmay_misc_feat_doors, uniq_kirke
D:15:     grunt_enter_depths_magical_seal, enter_trove_5, serial_glass,
          glass_columns_a, glass_columns_a, basic_altar, lemuel_oklob_altar
Temple:   grunt_wide_crystal_templ
Orc:1:    uniq_snorg, uniq_nergalle
Orc:2:    pf_orc_diabolical, basic_altar, serial_shops, nicolae_shop_crystal,
          shop, shop, mines1_david
Depths:1: nicolae_benzene_ring, grunt_mini_vestibule,
          nemelex_diamond_rough_becter, minmay_shop_grove, uniq_sojobo
Depths:2: kennysheep_blocky_room, hell_entry, kennysheep_nondescript,
          abyss_entry, kennysheep_generic_room_10, uniq_aizul, uniq_saint_roka
Ossuary:  ossuary_tomb_3

Skill      XL: |  1  2  3  4  5  6  7  8  9 10 11 12 13 14 15 16 |
---------------+-------------------------------------------------+-----
Spellcasting   | 3 4 5 6 7 9 11 | 11.5
Necromancy     | 5 6 7 10 12 13 | 13.0
Dodging        | 3 5 6 7 9 10 12 | 12.9
Fighting       | 2 4 5 7 9 10 11 | 11.0
Shields        | 3 5 6 7 9 10 12 | 12.9
Invocations    | 2 8 |  8.0
Stealth        | |  1.5

Action                   |  1- 3 |  4- 6 |  7- 9 | 10-12 | 13-15 | 16-18 || total
-------------------------+-------+-------+-------+-------+-------+-------++-------
Melee: Scimitar          |       |       |   442 |   455 |    48 |       ||   945
       Staff             |       |       |       |     6 |    99 |    57 ||   162
       Demon blade       |       |       |       |       |       |     8 ||     8
 Fire: Hunting sling     |    32 |   273 |   197 |       |       |       ||   502
 Cast: Pain              |    21 |       |    10 |     2 |       |       ||    33
       Vampiric Draining |     1 |    15 |    20 |    91 |    12 |       ||   139
       Dispel Undead     |       |       |     5 |    65 |    25 |    24 ||   119
       Bolt of Draining  |       |       |       |   139 |   472 |    35 ||   646
       Sticks to Snakes  |       |       |       |     5 |    33 |       ||    38
       Borgnjor's Vile C |       |       |       |       |    20 |    20 ||    40
Invok: Divine Energy     |       |       |     1 |       |       |       ||     1
       Renounce Religion |       |       |     1 |       |       |       ||     1
Evoke: Wand              |       |       |     4 |    16 |    13 |     2 ||    35
  Use: Scroll            |     1 |       |    10 |     9 |     9 |     2 ||    31
 Stab: Sleeping          |       |       |     1 |       |       |       ||     1
Armor: Robe              |     2 |       |       |    48 |   105 |     5 ||   160
       Ring mail         |     7 |    46 |   345 |   273 |       |       ||   671
Dodge: Dodged            |    15 |    74 |   400 |   607 |   433 |    51 ||  1580
Block: Buckler           |       |       |    76 |   247 |   149 |       ||   472
       Shield            |       |       |   162 |       |       |    32 ||   194
       Rpst.: Scimitar   |       |       |    76 |   148 |    21 |       ||   245
       Demon blade       |       |       |       |       |       |     1 ||     1

Table legend:
 A = Spawn XP
 B = Non-spawn XP
 C = Spawn XP percentage of total XP
 D = Spawn monster count
 E = Non-spawn monster count
 F = Spawn count percentage of total count
 G = Total turns spent on level
                    A         B        C        D         E        F      G
               +---------+---------+-------+---------+---------+-------+---------
         Total |    9628 |  166151 |   5.5 |      20 |     691 |   2.8 | 40910
               +---------+---------+-------+---------+---------+-------+---------
           D:1 |       0 |      19 |   0.0 |       0 |      10 |   0.0 |   606
           D:2 |       0 |      65 |   0.0 |       0 |      18 |   0.0 |   896
           D:3 |       0 |     161 |   0.0 |       0 |      27 |   0.0 |   779
           D:4 |       0 |     340 |   0.0 |       0 |      18 |   0.0 |  1529
           D:5 |       0 |    1025 |   0.0 |       0 |      19 |   0.0 |  1196
           D:6 |       0 |    1318 |   0.0 |       0 |      30 |   0.0 |  1905
           D:7 |       0 |     823 |   0.0 |       0 |      24 |   0.0 |  1514
           D:8 |       0 |    1768 |   0.0 |       0 |      23 |   0.0 |  4013
           D:9 |       0 |    3835 |   0.0 |       0 |      29 |   0.0 |  2224
          D:10 |       0 |    9630 |   0.0 |       0 |      52 |   0.0 |  2281
          D:11 |       0 |    2794 |   0.0 |       0 |      30 |   0.0 |   711
          D:12 |       0 |    2926 |   0.0 |       0 |      36 |   0.0 |  1762
          D:13 |       0 |   16663 |   0.0 |       0 |      48 |   0.0 |  3761
          D:14 |       0 |   28320 |   0.0 |       0 |      62 |   0.0 |  3990
          D:15 |       0 |   43846 |   0.0 |       0 |      77 |   0.0 |  4125
         Orc:1 |       0 |    2813 |   0.0 |       0 |      30 |   0.0 |   752
         Orc:2 |       0 |   22899 |   0.0 |       0 |      97 |   0.0 |  3316
      Depths:1 |       0 |   18328 |   0.0 |       0 |      26 |   0.0 |  2186
      Depths:2 |       0 |    6457 |   0.0 |       0 |      12 |   0.0 |   685
       Abyss:2 |    9628 |    1941 |  83.2 |      20 |       7 |  74.1 |   891
       Ossuary |       0 |     180 |   0.0 |       0 |      16 |   0.0 |  1652
               +---------+---------+-------+---------+---------+-------+---------
